Map: Belladona EE

Players

MrFercho - Winner!

  • Race: Zerg Zerg
  • League: Silver
  • Spawn Location: 11:00

landrose

  • Race: Protoss Protoss
  • Spawn Location: 5:00

VOD

Have the link to the VOD?

Description

Time

  • Played on: May 26, 2020, 7:34 p.m.
  • Length: 8:39
Show
View Real Time Build Order
Export as new Build Order

MrFercho Zerg - Winner!

Build Orders: Pool First 

Get SALT Encoding   

  12  0:20  Spawning Pool  
  11  0:28  Overlord  
  11  0:34  Extractor  
  11  0:35  Drone  
  11  0:38  Drone  
  12  0:51  Drone x2  
  14  1:05  Drone  
  15  1:11  Extractor  
  15  1:12  Zergling x2  
  15  1:27  Zergling x2  
  16  1:35  Zergling x2  
  17  1:41  Metabolic Boost  
  17  1:44  Queen  
  19  1:53  Zergling x2  
  20  2:00  Zergling x2  
  21  2:11  Zergling x2  
  22  2:29  Overlord x2  
  19  3:19  Zergling x10  
  21  3:37  Hatchery  
  21  3:40  Drone x2  
  19  4:20  Zergling x2  
  19  4:21  Zergling x8  
  22  4:36  Evolution Chamber  
  21  4:59  Zergling x2  
  22  5:00  Zergling x12  
  23  5:22  Zergling x2  
  23  5:23  Zergling x8  
  22  6:13  Zergling x10  
  22  6:14  Zergling x2  
  22  6:43  Baneling Nest  
  22  6:45  Zergling x2  
  22  6:46  Zergling x18  
  31  7:12  Zergling x2  
  31  7:13  Zergling x18  
  41  7:28  Baneling  
  41  7:29  Baneling x10  
Show
View Real Time Build Order
Export as new Build Order

landrose Protoss 

Build Orders:  

Get SALT Encoding   

  12  0:02  Probe (Chrono Boost)  
  14  0:15  Probe (Chrono Boost)  
  14  0:26  Pylon  
  14  0:29  Probe  
  15  0:37  Assimilator  
  15  0:44  Probe  
  16  0:51  Gateway  
  16  0:56  Probe  
  17  1:02  Pylon  
  17  1:12  Forge  
  17  1:28  Probe (Chrono Boost)  
  18  1:37  Probe (Chrono Boost)  
  18  1:39  Zealot  
  21  1:42  Probe (Chrono Boost)  
  22  1:54  Probe  
  22  1:55  Cybernetics Core  
  22  2:00  Photon Cannon  
  23  2:27  Cybernetics Core  
  23  2:29  Probe  
  26  2:59  Photon Cannon  
  26  3:01  Photon Cannon  
  22  3:28  Pylon  
  22  3:32  Pylon  
  22  3:40  Photon Cannon  
  22  3:54  Robotics Facility  
  20  4:20  Probe  
  21  4:32  Probe  
  22  4:44  Probe  
  23  4:50  Immortal  
  27  5:14  Assimilator  
  26  5:21  Probe (Chrono Boost)  
  27  5:31  Probe (Chrono Boost)  
  28  5:36  Probe (Chrono Boost)  
  28  5:41  Pylon  
  29  5:45  Shield Battery  
  29  5:48  Immortal  
  29  6:09  Protoss Ground Weapons Level 1, Probe  
  30  6:17  Photon Cannon  
  30  6:21  Probe  
  31  6:33  Probe  
  32  6:45  Probe  
  33  6:57  Pylon, Zealot  
  33  6:58  Probe  
  33  7:02  Pylon  
  33  7:05  Photon Cannon  
  33  7:11  Robotics Bay  
  33  7:13  Probe (Chrono Boost)  
  35  7:23  Probe (Chrono Boost)  
  35  7:24  Zealot  
  35  7:28  Probe (Chrono Boost)  
  38  7:40  Probe  
  38  7:42  Warp Prism  
  41  7:52  Probe  
  39  8:04  Probe  
  29  8:16  Probe  
Tags
 
League
Silver
Matchup
PvZ
Opening
Pool First
Replay Pack
MrFercho
Spawn Locations
Cross Positions
Add a new tag
Caveats
  • Supply blocks, unpowered buildings, or Contaminate may cause inaccurate times.
  • Supply counts are checked every 10 seconds.